 Dungeon Crawl Stone Soup version 0.18-a0-46-g45ca8e4 (webtiles) character file.

100 4thArraOfDagon the Ruffian (level 4, -5/44 HPs)
             Began as a Troll Monk on Nov 6, 2015.
             Killed by divine providence
             ... invoked by an orc priest
              (11 damage)
             ... on level 9 of the Dungeon.
             The game lasted 00:03:20 (584 turns).

4thArraOfDagon the Ruffian (Troll Monk)              Turns: 584, Time: 00:03:21

Health: -5/44      AC:  5    Str: 19    XL:     4   Next: 47%
Magic:  0/3        EV:  7    Int:  5    God:
Gold:   42         SH:  8    Dex: 12    Spells: 0 memorised, 3 levels left

rFire  . . .     SeeInvis .       - Unarmed
rCold  . . .     Clarity  .     a - +0 robe
rNeg   . . .     SustAt   .     i - +1 shield
rPois  +         Gourm    +     (helmet restricted)
rElec  .         Spirit   .     (no cloak)
rCorr  .         Warding  .     (gloves unavailable)
rMut   .         Rnd*Tele +     (boots unavailable)
MR     .....                    (no amulet)
Stlth  +.........               (no ring)
                                e - ring of teleportation

@: lethally poisoned (-5 -> -5), not resistant to hostile enchantments, very
unstealthy
A: unfitting armour, claws 3, dopey 1, fast metabolism 3, gourmand, poison
resistance, regeneration 2, shaggy fur 1, tough skin 2, evolution 1
a: Evoke Teleportation


You were on level 9 of the Dungeon.
You were full.

You visited 1 branch of the dungeon, and saw 7 of its levels.

You collected 42 gold pieces.

Inventory:

Armour
 a - a +0 robe (worn)
 i - a +1 shield (worn)
Jewellery
 e - a ring of teleportation (left claw)
Scrolls
 c - 2 scrolls of remove curse
Potions
 d - a potion of magic
Books
 f - a book of Callings

   Spells                             Type                      Level
   a - Summon Small Mammal            Summoning                    1
   b - Call Imp                       Summoning                    2
   c - Call Canine Familiar           Summoning                    3
   d - Summon Guardian Golem          Hexes/Summoning              3
   e - Summon Lightning Spire         Summoning/Air                4
   f - Summon Ice Beast               Ice/Summoning                4
Comestibles
 b - 2 bread rations


   Skills:
 + Level 2.4 Fighting
 - Level 2.4 Dodging
 - Level 1.1 Stealth
 + Level 1.0 Shields
 * Level 5.7 Unarmed Combat
 + Level 0.1 Evocations


You had 3 spell levels left.
You didn't know any spells.

Dungeon Overview and Level Annotations

Branches:
Dungeon (9/15)
 Temple: D:4-7         Lair: D:8-11         Orc: D:9-12

Altars:


Innate Abilities, Weirdness & Mutations

You are too large for most types of armour.
You have claws for hands.
Your metabolism is lightning-fast.
You like to eat raw meat.
You heal very quickly.
You are covered in fur (AC +1).
You have very tough skin (AC +2).
You are dopey. (Int -2)
Your system is resistant to poisons.
You evolve.


Message History

Unknown command.
The killer bee completely misses you.
Unknown command.
Unknown command.
The killer bee stings you.
* * * LOW HITPOINT WARNING * * *
You are poisoned.
The killer bee poisons you! You block the killer bee's attack.
You block the orc's attack.
There is a stone staircase leading down here.
Unknown command.
Drink which item? (? for menu, Esc to quit)
It was a potion of mutation.
You feel extremely strange.
You feel stupid.
You feel resistant to poisons.
You feel nature experimenting on you.
Don't worry, failures die fast.
You feel sick. The killer bee closely misses you.
You block the killer bee's attack. The killer bee completely misses you.
The orc priest calls down the wrath of Beogh upon you.
Something smites you!
You die...

######## #......#
#...oy.#######...
#...@y.ooy.......
########o...##.##
#..#.# #......
#.#......
#.........
...####... ...
...


You could see 3 killer bees, 2 orc priests and 2 orcs.

Vanquished Creatures
  A centaur skeleton (D:4)
  A worker ant (D:4)
  3 adders
  A giant gecko (D:1)
  An orc (D:9)
  3 hobgoblins (D:1)
  2 kobolds (D:1)
  3 bats
  2 giant cockroaches (D:1)
  2 giant newts
  3 goblins (D:1)
  2 rats
  A bush (D:1)
25 creatures vanquished.

Notes
Turn   | Place    | Note
--------------------------------------------------------------
     0 | D:1      | 4thArraOfDagon the Troll Monk began the quest for the Orb.
     0 | D:1      | Reached XP level 1. HP: 22/22 MP: 0/0
   123 | D:1      | Reached XP level 2. HP: 26/29 MP: 1/1
   288 | D:3      | Reached skill level 5 in Unarmed Combat
   330 | D:4      | Reached XP level 3. HP: 36/36 MP: 2/2
   355 | D:5      | Entered Level 5 of the Dungeon
   421 | D:4      | Reached XP level 4. HP: 36/44 MP: 3/3
   472 | D:4      | Reached skill level 1 in Shields
   563 | D:6      | You fall through a shaft for 3 floors!
   569 | D:9      | Noticed a crocodile
   584 | D:9      | Gained mutation: You are dopey. (Int -2) [potion of mutation]
   584 | D:9      | Gained mutation: Your system is resistant to poisons. [potion of mutation]
   584 | D:9      | Gained mutation: You evolve. [potion of mutation]
   584 | D:9      | Killed from afar by an orc priest

Vault maps used:
D:1:      dpeg_arrival_tiny_c, serial_forest, infiniplex_forest_lined_4_way,
          infiniplex_forest_clump_small, infiniplex_forest_pool,
          infiniplex_forest_corner_1, infiniplex_forest_clump_curved,
          infiniplex_forest_clump_cross, infiniplex_forest_clump_medium,
          infiniplex_forest_zigzag_1
D:2:      nicolae_underground_beach
D:3:      first_bread, uniq_terence
D:4:      grunt_dithmenos_smoke, tgw_trog, amalloy_card_club
D:5:      lemuel_ice_spiral_2, eino_tiny_chamber, uniq_grinder,
          uniq_crazy_yiuf_cottage
D:6:      gammafunk_temple_overflow_elements, gammafunk_temple_overflow_pools,
          marbit_many_paths, serial_shops, nicolae_shop_trees,
          kennysheep_diamond, kennysheep_generic_room_11

Action                   |  1- 3 |  4- 6 || total
-------------------------+-------+-------++-------
Melee: Unarmed           |    97 |    19 ||   116
 Abil: Evoke Teleportati |       |     1 ||     1
  Use: Scroll            |     4 |     3 ||     7
       Potion            |       |     1 ||     1
 Stab: Sleeping          |     1 |       ||     1
  Eat: Chunk             |     7 |       ||     7
